 Dungeon Crawl Stone Soup version 0.29.0-13-gc9e81de378 (webtiles) character file.

Game seed: 2803335794342819224

4284 keekatzer the Nimble (level 10, -8/91 HPs)
             Began as a Grey Draconian Monk on Sept 7, 2022.
             Was a Plaything of Xom.
             Mangled by a two-headed ogre
             ... wielding a +0 giant club
              (9 damage)
             ... on level 8 of the Dungeon.
             The game lasted 00:36:10 (5754 turns).

keekatzer the Nimble (Grey Draconian Monk)          Turns: 5754, Time: 00:36:11

Health: -8/91      AC: 13    Str: 14    XL:     10   Next: 10%
Magic:  11/11      EV: 14    Int: 19    God:    Xom [.*....]
Gold:   8          SH:  9    Dex: 12    Spells: 12/12 levels left

rFire   . . .      SeeInvis +   E - +6 rapier of the Tent {pain, Will+ Int+3 Dex-2}
rCold   . . .      Faith    .   u - +0 kite shield
rNeg    . . .      Spirit   .   (body armour unavailable)
rPois   .          Reflect  .   (helmet restricted)
rElec   .          Harm     .   (no cloak)
rCorr   .          Rampage  .   s - +0 pair of gloves
Will    +....                   (no boots)
Stlth   ++........              (no amulet)
HPRegen 0.25/turn               w - ring of see invisible
MPRegen 0.12/turn               (no ring)

@: about to teleport
A: AC +12, amphibious, unfitting armour, cold-blooded, hooves 1, clever 1, low
MP 1, sense surroundings 2
a: Renounce Religion


You were on level 8 of the Dungeon.
You worshipped Xom.
You were a plaything of Xom.
You visited 1 branch of the dungeon, and saw 8 of its levels.

You collected 431 gold pieces.
You spent 423 gold pieces at shops.

Inventory:

Hand Weapons
 k - a +1 spear of venom
 l - a +2 dagger of venom
 B - a +4 hand axe
 C - a +2 war axe
 D - a +3 halberd
 E - the +6 rapier of the Tent (weapon) {pain, Will+ Int+3 Dex-2}
   (You bought it in a shop on level 7 of the Dungeon)

   In the hands of one skilled in necromantic magic, it inflicts extra damage on
   living creatures.
   Int:       It affects your intelligence (+3).
   Dex:       It affects your dexterity (-2).
   Will:      It increases your willpower.
Armour
 s - a +0 pair of gloves (worn)
 u - a +0 kite shield (worn)
Magical Staves
 A - a staff of cold
Jewellery
 w - a ring of see invisible (left hand)
Wands
 a - a wand of acid (7)
 n - a wand of digging (5)
Scrolls
 c - 4 scrolls of fog {unknown}
 d - 3 scrolls of enchant armour {unknown}
 e - 2 scrolls of amnesia
 g - 2 scrolls of blinking {unknown}
 i - a scroll of immolation {unknown}
 j - 3 scrolls of teleportation
 m - 2 scrolls of magic mapping {unknown}
 o - a scroll of fear
 p - a scroll of enchant weapon
 y - 2 scrolls of vulnerability
Potions
 b - 2 potions of ambrosia
 f - 3 potions of mutation
 h - a potion of might
 q - a potion of lignification
 r - 5 potions of curing
 t - a potion of attraction
 v - a potion of flight
 x - a potion of magic
 z - 2 potions of brilliance


   Skills:
 + Level 9.0 Fighting
 * Level 2.8 Short Blades
 - Level 3.0 Polearms
 + Level 9.2 Dodging
 - Level 1.7 Stealth
 + Level 6.1 Shields
 * Level 1.8 Spellcasting
 * Level 2.0 Necromancy
 * Level 2.0 Ice Magic
 - Level 0.3 Evocations


You had 12 spell levels left.
You didn't know any spells.
Your spell library contained the following spells:

 Spells                   Type           Power      Damage    Failure   Level
 Necrotise                Necr           36%        1d5       21%         1
 Ozocubu's Armour         Ice            9%         N/A       52%         3
 Vampiric Draining        Necr           9%         2d6       52%         3
 Conjure Flame            Conj/Fire      1%         6-21      80%         3
 Ignite Poison            Fire/Tmut/Pois 1%         N/A       80%         3
 Sticky Flame             Conj/Fire      1%         2d3       99%         4
 Agony                    Necr           9%         N/A       99%         5
 Ozocubu's Refrigeration  Ice            4%         4d8       100%        7


Dungeon Overview and Level Annotations

Branches:
Dungeon (8/15)             Temple (0/1) D:4
   Lair: D:8-11

Altars:
Elyvilon
Fedhas
Kikubaaqudgha
Uskayaw
Vehumet
Wu Jian
Xom

Shops:
D:1 (   D:3 ?   D:7 (!!=?


Innate Abilities, Weirdness & Mutations

Your dull iron-grey scales are very hard. (AC +12)
You are amphibious.
You cannot fit into any form of body armour.
You are cold-blooded and may be slowed by cold attacks.
You have large cloven feet.
Your mind is acute. (Int +4, Str/Dex -1)
Your magical capacity is low. (-10% MP)
You passively map the area around you.


Message History

Your butterfly dies!
Your butterfly disappears in a puff of smoke!
The centaur hits you. You block the centaur's attack.
The two-headed ogre hits you with a +0 giant club! x2
As you read the scroll of teleportation, it crumbles to dust.
You feel strangely unstable.
You feel sick. You block the centaur's attack. x2
The kobold brigand closely misses your butterfly.
You hit the centaur. You kick the centaur.
You tail-slap the centaur, but do no damage.
The centaur is heavily wounded.
You feel sick.
You are no longer poisoned.
You block the centaur's attack. x2; The two-headed ogre barely misses you. x2
The centaur misses you. The centaur barely misses you.
The kobold brigand closely misses your butterfly.
You barely miss the centaur. You kick the centaur.
The centaur is severely wounded.
Xom opens a gate.
You are now a plaything of Xom.
The centaur hits you. You block the centaur's attack.
The centaur completely misses you. You block the centaur's attack.
The two-headed ogre hits you with a +0 giant club!!
* * * LOW HITPOINT WARNING * * *
The two-headed ogre hits you with a +0 giant club!
You die... "Hey, things were just getting interesting!"
Xom revives you!
The kobold brigand hits your butterfly with a +0 short sword.
Your butterfly dies!
Your butterfly disappears in a puff of smoke!
Unknown command.
Unknown command.
You hit the centaur.
The centaur is severely wounded.
The centaur hits you but does no damage.
You block the centaur's attack.
The centaur hits you but does no damage.
The centaur completely misses you. The two-headed ogre misses you.
The two-headed ogre hits you with a +0 giant club!
You die...
Xom chortles!

***,.>...... ,, ,, ,** *
, , ,*,.......* ,
,,,,,,,,,* ,,,, *
,,,......,* ** * * ***,,
, * *,.....*,,,** **,
,,* .****,...#* ,, ,**
*,,,,, ..#* *#..# **
**,,** * * , ....###).#
* ,,**#,* ,* *
,*#....<.# #######.... ,
, #.....(#####5O@c......
*#..##..|#....K###.###..
, , , ,
*#.**##.)..#b.##,, .. ,,
* ,* #.....b.##,
***..#*, ,, *,*
#......## *,,,,,#.#***,*
*, #...#..#, ,* ,* , .*,
* , ,,,* #####..# *,
,,,*, *, *, * **
#...**,,, ,, ** , ,,
#..#.*,*,,,*, *,*,*


You could see a two-headed ogre, a kobold brigand, a centaur (ally target) and a
friendly iron imp (summoned).

Vanquished Creatures
  A two-headed ogre (D:8)
  Joseph (D:6)
  A steam dragon (D:7)
  2 water moccasins
  An orc warrior (D:7)
  3 ice beasts
  2 black bears
  2 ogres
  2 centaurs
  2 phantoms
  A kobold brigand (D:8)
  5 bullfrogs
  3 scorpions
  2 necrophages
  4 wights
  3 electric eels (D:7)
  2 orc priests
  3 hounds
  2 jellies
  A gnoll bouda (D:4)
  Ijyb (D:3)
  Natasha (thrice) (D:3)
  3 iguanas
  3 orc wizards
  11 gnolls
  7 adders
  A white imp (D:8)
  An ufetubus (D:7)
  4 worms
  5 dart slugs
  26 orcs
  7 ball pythons
  6 endoplasms
  3 giant cockroaches
  10 goblins
  6 hobgoblins
  3 jackals (D:3)
  A quokka (D:4)
  7 bats
  7 frilled lizards
  4 kobolds
  6 rats
168 creatures vanquished.

Vanquished Creatures (collateral kills)
  A bullfrog (D:7)
  A scorpion (D:7)
  A hound (D:7)
3 creatures vanquished.

Vanquished Creatures (others)
  A black bear (D:7)
  9 plants (D:7)
10 creatures vanquished.

Grand Total: 181 creatures vanquished

Notes
Turn   | Place    | Note
-------+----------+-------------------------------------------
     0 | D:1      | keekatzer the Draconian Monk began the quest for the Orb.
     0 | D:1      | Reached XP level 1. HP: 19/19 MP: 1/1
    18 | D:1      | Found a faded altar of an unknown god.
    30 | D:1      | Prayed at the altar of an unknown god.
    30 | D:1      | Became a worshipper of Xom of Chaos
   257 | D:1      | Found Jidobawk's Weapon Shop.
   325 | D:1      | Reached XP level 2. HP: 24/26 MP: 2/2
   567 | D:2      | Reached XP level 3. HP: 24/33 MP: 3/3
  1108 | D:2      | XOM: scenery: create altars
  1191 | D:3      | Noticed a water moccasin
  1194 | D:3      | Found Suawoc's Magic Scroll Boutique.
  1208 | D:3      | XOM: confuse monster(s)
  1211 | D:3      | Killed a water moccasin
  1212 | D:3      | Reached skill level 5 in Fighting
  1212 | D:3      | Reached XP level 4. HP: 12/42 MP: 4/4
  1212 | D:3      | Reached XP level 5. HP: 14/48 MP: 5/5
  1219 | D:3      | Bought 3 scrolls of identify for 72 gold pieces
  1237 | D:3      | Bought a scroll of noise for 12 gold pieces
  1454 | D:3      | Noticed Ijyb
  1457 | D:3      | XOM: silly message
  1464 | D:3      | XOM: enchant monster (good)
  1481 | D:3      | Killed Ijyb
  1530 | D:3      | XOM: 2-stop teleportation journey
  1534 | D:3      | Noticed Natasha
  1542 | D:3      | Killed Natasha
  1544 | D:3      | XOM: polymorph gnoll -> endoplasm
  1564 | D:4      | Found a staircase to the Ecumenical Temple.
  1630 | D:4      | XOM: give mutations
  1630 | D:4      | Gained mutation: You occasionally lose the ability to drink
                  | potions when taking damage. [Xom's mischief]
  1630 | D:4      | Gained mutation: You are weak. (Str -2) [Xom's mischief]
  1649 | D:3      | Noticed Natasha
  1654 | D:3      | Killed Natasha
  1655 | D:3      | Reached XP level 6. HP: 32/57 MP: 6/6
  1776 | D:3      | Noticed Natasha
  1782 | D:3      | Killed Natasha
  1783 | D:3      | Reached skill level 5 in Dodging
  1816 | D:3      | Found a blossoming altar of Fedhas.
  1828 | D:3      | Found an ancient bone altar of Kikubaaqudgha.
  2135 | D:4      | XOM: cleaving
  2145 | D:4      | XOM: fog
  2201 | D:4      | XOM: 3-stop teleportation journey
  2359 | D:4      | Your scales start taking on a dull iron-grey colour.
  2359 | D:4      | Reached XP level 7. HP: 50/64 MP: 7/7
  2374 | D:4      | XOM: cleaving
  2593 | D:5      | Entered Level 5 of the Dungeon
  2617 | D:5      | Found a hide-covered altar of Uskayaw.
  2618 | D:5      | Found an ornate altar of the Wu Jian Council.
  2631 | D:5      | Found a radiant altar of Vehumet.
  2667 | D:5      | XOM: fake destruction
  2720 | D:5      | XOM: scenery: summon butterflies
  2885 | D:5      | Found a white marble altar of Elyvilon.
  2910 | D:5      | Reached XP level 8. HP: 42/73 MP: 8/8
  2921 | D:5      | XOM: give mutation
  2921 | D:5      | Gained mutation: Your mind is acute. (Int +4, Str/Dex -1)
                  | [Xom's grace]
  3064 | D:5      | XOM: 2-stop teleportation journey
  3279 | D:6      | XOM: fog
  3288 | D:6      | Reached skill level 1 in Shields
  3373 | D:6      | XOM: cleaving
  3568 | D:6      | XOM: 1-stop teleportation journey
  3677 | D:6      | XOM: confuse monster(s)
  3841 | D:7      | XOM: cast spell 'Monstrous Menagerie'
  3878 | D:7      | XOM: give mutations
  3878 | D:7      | Gained mutation: You passively map a small area around you.
                  | [Xom's grace]
  3878 | D:7      | Gained mutation: You passively map the area around you.
                  | [Xom's grace]
  3878 | D:7      | Gained mutation: Your flesh is cold resistant. (rC+) [Xom's
                  | grace]
  3915 | D:7      | Reached skill level 5 in Shields
  3915 | D:7      | Reached XP level 9. HP: 64/81 MP: 9/9
  3974 | D:7      | XOM: destruction
  3980 | D:7      | XOM: divine lightning
  3980 | D:7      | Noticed Joseph
  4009 | D:6      | XOM: scenery: create altars
  4011 | D:6      | XOM: scenery: summon butterflies
  4015 | D:6      | Killed Joseph
  4190 | D:6      | XOM: god gift: crooked jewelled staff {god gift}
  4212 | D:6      | XOM: god gift: potion of curing
  4279 | D:6      | XOM: draining
  4488 | D:7      | Found Tash's Magic Scroll Boutique.
  4490 | D:7      | Found Adwot's Jewellery Shoppe.
  4493 | D:7      | Found Leaqes's Distillery.
  4515 | D:7      | HP: 1/60 [electric eel/bolt of electricity (10)]
  4517 | D:7      | Found Cageutuj's Distillery.
  4517 | D:7      | Found Baqeyfru's Antique Weapon Shoppe.
  4624 | D:7      | XOM: 3-stop teleportation journey
  4854 | D:7      | Bought a smoking rapier for 243 gold pieces
  4854 | D:7      | Identified the +6 rapier of the Tent {pain, Will+ Int+3
                  | Dex-2} (You bought it in a shop on level 7 of the Dungeon)
  4871 | D:7      | Bought a potion of degeneration for 12 gold pieces
  4876 | D:7      | Bought a scroll of teleportation for 36 gold pieces
  4876 | D:7      | Bought a scroll of fear for 48 gold pieces
  4886 | D:7      | Lost mutation: You occasionally lose the ability to drink
                  | potions when taking damage. [potion of mutation]
  4886 | D:7      | Lost mutation: Your flesh is cold resistant. (rC+) [potion
                  | of mutation]
  4886 | D:7      | Lost mutation: You are weak. (Str -2) [potion of mutation]
  4886 | D:7      | Gained mutation: You have large cloven feet. [potion of
                  | mutation]
  4886 | D:7      | Gained mutation: Your magical capacity is low. (-10% MP)
                  | [potion of mutation]
  5156 | D:8      | Noticed a two-headed ogre
  5169 | D:7      | Reached skill level 1 in Spellcasting
  5169 | D:7      | Reached skill level 1 in Necromancy
  5169 | D:7      | Reached skill level 1 in Ice Magic
  5172 | D:7      | Reached skill level 1 in Short Blades
  5381 | D:8      | XOM: divination: magic mapping
  5389 | D:8      | Killed a two-headed ogre
  5390 | D:8      | Reached XP level 10. HP: 24/91 MP: 9/11
  5737 | D:8      | XOM: god gift: 4 atropa-tipped darts
  5739 | D:8      | XOM: scenery: summon butterflies
  5744 | D:8      | Noticed a two-headed ogre
  5753 | D:8      | XOM: summons friendly iron imp
  5753 | D:8      | Xom revived you
  5754 | D:8      | Mangled by a two-headed ogre

Illustrated notes

Levels and vault maps discovered:
D:1:      lightli_arrival_boilingwater, layout_loops_cross,
          hellmonk_ecumenical_altar_slurped_away, serial_shops,
          nicolae_shop_hallway_stairs
D:2:      layout_basic
D:3:      layout_basic, grunt_temple_overflow_growth_and_decay, serial_shops,
          nicolae_shop_advertising_works [nicolae_subvault_shop_adworks],
          st_stairs_5, uniq_ijyb, uniq_natasha
D:4:      layout_loops_cross, minmay_temple_entry_waves
D:5:      layout_loops_ring, mainiacjoe_overflow_paths,
          chequers_temple_overflow_statue_of_worship, dreamdust_princess_bridge
D:6:      layout_rooms, hangedman_glass_teeth,
          nicolae_concentric_dashed_squares_wild,
          hangedman_abyss_or_decor_passed, ebering_dispersal_statue_hall,
          due_unseen_surprise
D:7:      layout_cave_pools, serial_bayou_pond_b, nicolae_wooded_promenade,
          uniq_joseph
D:8:      minmay_the_grid_octo_tiled_octocenter [minmay_the_grid_octo_clover,
          minmay_the_grid_octo_focus, minmay_the_grid_octo_horde,
          minmay_the_grid_octo_shrine, minmay_the_grid_octo_prize_big_c,
          minmay_the_grid_square_5x5_comb,
          minmay_the_grid_square_5x5_hollow_slash,
          minmay_the_grid_square_5x5_eight_small,
          minmay_the_grid_square_5x5_longway], layout_rooms, minitemple,
          serial_shops, nicolae_take_the_stairs, nicolae_shop_statue_plus, shop

Skill      XL: |  1  2  3  4  5  6  7  8  9 10 |
---------------+-------------------------------+-----
Dodging        | 3 4 5 6 7 9 |  9.2
Fighting       | 5 6 7 8 9 |  9.0
Shields        | 5 6 |  6.1
Spellcasting   | 1 |  1.8
Necromancy     | 1 2 |  2.0
Ice Magic      | 1 2 |  2.0
Short Blades   | 2 |  2.8
Polearms       | |  3.0
Stealth        | |  1.7
Evocations     | |  0.3

Action                   |  1- 3 |  4- 6 |  7- 9 | 10-12 || total
-------------------------+-------+-------+-------+-------++-------
Melee: Spear             |   130 |   131 |   406 |       ||   667
       Tailslap          |    10 |    13 |    62 |     6 ||    91
       Punch             |     1 |     3 |     4 |       ||     8
       Rapier            |       |       |    59 |    43 ||   102
       Kick              |       |       |    19 |    19 ||    38
Evoke: Wand              |       |     2 |     6 |       ||     8
  Use: Scroll            |       |       |    10 |     1 ||    11
       Potion            |       |       |     1 |       ||     1
 Stab: Sleeping          |    14 |     2 |     5 |       ||    21
       Distracted        |     1 |     1 |     1 |       ||     3
       Confused          |       |       |     4 |       ||     4
Armor: Skin              |    28 |    26 |   155 |    23 ||   232
Dodge: Dodged            |    65 |    83 |   334 |    37 ||   519
Block: Kite shield       |       |       |   124 |    28 ||   152
